 Dungeon Crawl Stone Soup version 0.31-a0-655-gf2d5465dac (webtiles) character file.

Game seed: 1420912311230250112

30625 IndexError the Warrior (level 13, 0/112 HPs)
             Began as a Djinni Conjurer on Aug 29, 2023.
             Was a High Priest of Makhleb.
             Collided with a briar patch (19 damage)
             ... caused by a swamp worm
             ... on level 3 of the Lair of Beasts on Aug 30, 2023.
             The game lasted 00:48:16 (15567 turns).

IndexError the Warrior (Djinni Conjurer)           Turns: 15567, Time: 00:48:17

Health: 0/112      AC:  7    Str:  9    XL:     13   Next: 90%
Gold:   800        EV: 13    Int: 29    God:    Makhleb [*****.] SH:  5 Dex: 14

rFire   + + .        G - +1 quarterstaff "Ox" {flame, Will+ Str+3 Stlth+}
rCold   . . .        (shield currently unavailable)
rNeg    . . .        A - +0 troll leather armour {regen}
rPois   ∞            h - +2 helmet
rElec   .            D - +0 cloak
rCorr   .            (no gloves)
SInv    .            (boots unavailable)
Will    ++...        x - amulet of reflection
Stlth   +++          f - +6 ring of intelligence
HPRegen 1.18/turn    g - ring of protection from cold {rC+, !d}
MPRegen 0.00/turn

%: reflection, infuse magic (-1 HP)
@: flying
A: sickness immunity, fire resistance 2, cold vulnerability 1, float, innate
caster, HP casting, extra vitality 1
a: Renounce Religion, Minor Destruction, Lesser Servant of Makhleb, Major
Destruction, Greater Servant of Makhleb


You were on level 3 of the Lair of Beasts.
You worshipped Makhleb.
Makhleb was extremely pleased with you.
You visited 3 branches of the dungeon, and saw 14 of its levels.

You collected 800 gold pieces.

Inventory:

Hand Weapons
 G - the +1 quarterstaff "Ox" (weapon) {flame, Will+ Str+3 Stlth+}
   (You found it on level 9 of the Dungeon)

   Str+3:     It affects your strength (+3).
   Will+:     It increases your willpower.
   Stlth+:    It makes you more stealthy.
Missiles
 q - 33 poisoned darts
 y - 6 javelins
Armour
 h - a +2 helmet (worn)
   (You found it on level 1 of the Dungeon)
 z - a scarf of repulsion
   (You found it on level 6 of the Dungeon)
 A - a +0 troll leather armour (worn) {regen}
   (You found it on level 7 of the Dungeon)
 D - a +0 cloak (worn)
   (You took it off Maurice on level 8 of the Dungeon)
Magical Staves
 c - a staff of air {rElec}
   (You found it on level 1 of the Dungeon)
Jewellery
 f - a +6 ring of intelligence (left hand)
   (You found it on level 1 of the Dungeon)
 g - a ring of protection from cold (right hand) {rC+, !d}
   (You found it on level 10 of the Dungeon)
 i - a +5 ring of evasion
   (You found it on level 1 of the Dungeon)
 x - an amulet of reflection (around neck)
   (You found it on level 5 of the Dungeon)
Wands
 m - a wand of polymorph (13)
   (You found it on level 2 of the Dungeon)
 v - a wand of flame (111)
   (You took it off Dowan on level 5 of the Dungeon)
 E - a wand of paralysis (6)
   (You found it on level 1 of the Lair of Beasts)
 K - a wand of mindburst (7)
   (You found it on level 3 of the Lair of Beasts)
Scrolls
 a - 3 scrolls of fear
 e - a scroll of blinking {!r}
 j - a scroll of torment {!r}
 o - 2 scrolls of enchant weapon
 t - a scroll of revelation {unknown}
 B - 2 scrolls of brand weapon
 C - a scroll of immolation {!r}
 F - 2 scrolls of teleportation
 H - a scroll of summoning {unknown}
 I - a scroll of enchant armour
 J - a scroll of vulnerability {unknown}
 L - 2 scrolls of identify
Potions
 b - 3 potions of invisibility {unknown}
 d - a potion of enlightenment {unknown}
 k - a potion of brilliance {unknown}
 l - 2 potions of mutation {unknown}
 n - a potion of magic {unknown}
 p - 3 potions of curing {unknown}
 r - a potion of haste {unknown}
 s - a potion of lignification {unknown}
 u - 2 potions of attraction {unknown}
 w - 3 potions of might {unknown}
 M - 2 potions of resistance {unknown}
 N - a potion of ambrosia {unknown}


   Skills:
 + Level 17.4 Fighting
 + Level 5.1 Dodging
 - Level 1.5 Stealth
 - Level 8.0 Spellcasting
 - Level 8.0 Conjurations
 - Level 8.0 Hexes
 - Level 8.0 Summonings
 - Level 8.0 Necromancy
 - Level 8.0 Translocations
 - Level 8.0 Transmutations
 - Level 8.0 Fire Magic
 - Level 8.0 Ice Magic
 - Level 8.0 Air Magic
 - Level 8.0 Earth Magic
 - Level 8.0 Poison Magic
 - Level 10.0 Invocations


You knew the following spells:

 Your Spells              Type           Power      Damage    Failure   Level
a - Magic Dart            Conj           100%       1d8       1%          1
b - Searing Ray           Conj           100%       2d8       1%          2
c - Dazzling Flash        Conj/Hex       100%       N/A       1%          3
d - Fulminant Prism       Conj/Hex       27%        3d14      2%          4
e - Static Discharge      Conj/Air       100%       2-7/arc   1%          2
f - Teleport Other        Tloc           55%        N/A       1%          3
g - Anguish               Hex/Necr       27%        N/A       2%          4
h - Summon Mana Viper     Hex/Summ       55%        N/A       7%          5
i - Silence               Hex/Air        27%        N/A       7%          5
s - Slow                  Hex            100%       N/A       1%          1
x - Iskenderun's Mystic   Conj/Tloc      55%        2d12      2%          4
Your spell library was empty.

Dungeon Overview and Level Annotations

Branches:
Dungeon (10/15)            Temple (1/1) D:7            Lair (3/5) D:10
  Swamp (0/4) Lair:2        Snake (0/4) Lair:3
    Orc: D:9-12

Altars:
Ashenzari
Cheibriados
Dithmenos
Elyvilon
Fedhas
Gozag
Hepliaklqana
Makhleb
Nemelex Xobeh
Okawaru
Qazlal
Ru
Trog
Uskayaw
Wu Jian
Xom
Yredelemnul
Zin
The Shining One

Shops:
D:8 (   D:10 *

Portals:
Trove: D:10 (give 4 potions of resistance)

Annotations:
D:6 2 runed translucent doors, Vontreibholz's ghost, novice MiFi
D:7 3 runed translucent doors, Pascal76's ghost, novice MiBr
Lair:1 1 runed translucent door, Ogety's ghost, journeyman OpSh
Lair:3 1 transporter


Innate Abilities, Weirdness & Mutations

You are immune to sickness and miasma.
You are immune to poison.
Your flesh is very heat resistant. (rF++)
You are vulnerable to cold. (rC-)
You float through the air rather than walking.
You learn spells naturally, not from books.
Your magical power is your life essence.
You have superior vitality. (+4 MHP)


Message History

You feel yourself speed up.
You regained 5 hp, and now have 81/112 hp.
A black mamba comes into view.
The black mamba hisses angrily.
The black mamba splashes around in the water.
Health restored: 112
Casting: Iskenderun's Mystic Blast (mildly dangerous; 2% risk of failure)
Confirm with . or Enter, or press ? or * to list all spells.
A mana viper appears with a sibilant hiss.
You block the black mamba's attack.
You take 4 damage, and have 108/112 hp.
You hit the black mamba. You burn the black mamba.
The black mamba barely misses you. You block the black mamba's attack.
The black mamba closely misses you.
You closely miss the black mamba. You block the black mamba's attack.
Your mana viper bites the black mamba but does no damage.
The black mamba splashes around in the water.
Your mana viper bites the black mamba!
You regained 2 hp, and now have 111/112 hp.
You closely miss the black mamba.
The black mamba splashes around in the water.
The black mamba closely misses you.
Your mana viper splashes around in the water.
Health restored: 112 You hit the black mamba.
You burn the black mamba. The black mamba bites you!
Your mana viper barely misses the black mamba.
You block the black mamba's attack.
Your mana viper bites the black mamba!
The black mamba bites you!
You take 20 damage, and have 92/112 hp.
You hit the black mamba. You burn the black mamba. Makhleb accepts your kill.
You feel better.
Your Dodging skill increases to level 5!
You regained 6 hp, and now have 98/112 hp.
No target in view!
Your mana viper disappears in a puff of smoke!
A bullfrog comes into view.
Found an escape hatch in the ceiling.
Health restored: 112 A bullfrog is nearby!
The bullfrog croaks.
The bullfrog hits you. x2
You take 4 damage, and have 108/112 hp.
You closely miss the bullfrog.
The bullfrog hits you but does no damage.
The bullfrog hits you!
You take 5 damage, and have 103/112 hp.
You sock the bullfrog! You burn the bullfrog.
The bullfrog hits you but does no damage.
The bullfrog barely misses you.
Casting: Summon Mana Viper (dangerous; 7% risk of failure)
Confirm with . or Enter, or press ? or * to list all spells.
A mana viper appears with a sibilant hiss.
The bullfrog closely misses you.
You take 4 damage, and have 100/112 hp.
You sock the bullfrog! You burn the bullfrog. The bullfrog hits you!
The bullfrog closely misses you.
You take 5 damage, and have 95/112 hp.
You closely miss the bullfrog.
Your mana viper bites the bullfrog!!
Makhleb accepts your kill.
No target in view!
You now have 800 gold pieces (gained 17).
Your mana viper disappears in a puff of smoke!
Found a stone staircase leading down.
Health restored: 112 Partly explored, unvisited transporter.
Partly explored, unvisited transporter.
Partly explored, unvisited transporter.
Partly explored, unvisited transporter.
Partly explored, unvisited transporter.
Partly explored, unvisited transporter.
There is a transporter here.
You enter the transporter and appear at another place.
Okay, then.
You hit the briar patch. You burn the briar patch.
The swamp worm fires a harpoon shot at you.
The harpoon shot hits you.
You are yanked forward by the harpoon shot.
You collide with the briar patch!
You take 26 damage, and have 86/112 hp.
MASSIVE DAMAGE!!
You hit the briar patch but do no damage.
The swamp worm fires a harpoon shot at you.
The harpoon shot hits you!
You are yanked forward by the harpoon shot.
You collide with the briar patch!
The swamp worm fires a harpoon shot at you.
The harpoon shot hits you!!
You are yanked forward by the harpoon shot.
You collide with the briar patch!
* * * LOW HITPOINT WARNING * * *
The swamp worm fires a harpoon shot at you.
The harpoon shot hits you.
* * * LOW HITPOINT WARNING * * *
You are yanked forward by the harpoon shot.
The swamp worm fires a harpoon shot at you.
The harpoon shot hits you!
* * * LOW HITPOINT WARNING * * *
You are yanked forward by the harpoon shot.
You collide with the briar patch!
You die...

..#P..........#.......#...#....#P
..............#.......#..........
...#............#.....#....##.#.#
.........................###.####
...#......#########......# ### #.
...P......##w#♣#w##......# ##
.......####≈≈#≈≈≈≈##.....# #.
####...#[$#PP°PPP.P#.....# ##
......©#©$+☼^^^^@^©#§....########
.......#"$#PPP§PPPP#.........#..#
.......####≈≈≈#≈≈≈##.............
..........#w#♣#w#♣#..............
..........#########...#####......
...#..................# ##.....
P#####................# #......
## #................## ##.....
### ##...............#### #......


You could see 4 swamp worms.

Vanquished Creatures
  A catoblepas (Lair:3)
  3 two-headed ogres
  Erica (D:7)
  2 death yaks (Lair:3)
  Pikel (D:7)
  An elephant (Lair:3)
  A salamander (Lair:3)
  Maurice (D:8)
  A black mamba (Lair:3)
  6 cane toads
  Maggie (D:8)
  2 torpor snails (Lair:3)
  6 komodo dragons
  2 rime drakes
  4 polar bears
  2 trolls
  12 blink frogs
  Prince Ribbit (D:7)
  6 dream sheep (Lair:3)
  Sigmund (D:3)
  A wraith (D:10)
  A vampire (D:9)
  2 wyverns (Lair:3)
  39 yaks
  Edmund (D:5)
  2 acid dragons
  10 water moccasins
  Duvessa (D:5)
  A sky beast (D:8)
  6 ice beasts
  4 black bears
  2 orc warriors
  Pargi (D:3)
  2 centaurs (D:10)
  4 ogres
  12 wolves
  A kobold brigand (D:7)
  2 phantoms (D:6)
  2 lemures (D:7)
  6 scorpions
  12 bullfrogs
  A gnoll sergeant (D:9)
  A hornet simulacrum (D:9)
  Dowan (D:5)
  3 wights (D:7)
  21 killer bees
  9 howler monkeys
  4 lava snakes (Lair:3)
  4 gnoll boudas
  5 orc priests
  3 hounds
  3 jellies
  Jessica (D:2)
  Natasha (thrice) (D:3)
  8 iguanas
  15 orc wizards
  5 hell rats (Lair:1)
  A centaur simulacrum (D:9)
  2 adders
  27 gnolls
  2 shadow imps
  3 white imps (D:9)
  A howler monkey simulacrum (D:9)
  An ufetubus (D:6)
  2 worms (D:2)
  5 dart slugs
  34 orcs
  3 bats
  2 endoplasms (D:1)
  A giant cockroach (D:1)
  4 goblins
  A hobgoblin (D:4)
  10 kobolds
  5 quokkas
  7 ball pythons
  A frilled lizard (D:3)
  6 rats
372 creatures vanquished.

Vanquished Creatures (collateral kills)
  A bullfrog (Lair:3)
1 creature vanquished.

Vanquished Creatures (others)
  A komodo dragon (Lair:1)
  27 fulminant prisms
28 creatures vanquished.

Grand Total: 401 creatures vanquished

Notes
Turn   | Place    | Note
-------+----------+-------------------------------------------
     0 | D:1      | IndexError the Djinni Conjurer began the quest for the Orb.
     0 | D:1      | IndexError set off with the following spells memorised:
                  | Magic Dart, Searing Ray, Dazzling Flash, Fulminant Prism,
                  | Iskenderun's Mystic Blast.
     0 | D:1      | Reached XP level 1. HP: 15/15 MP: 0/0
   184 | D:1      | Reached XP level 2. HP: 12/22 MP: 0/0
   255 | D:1      | Reached skill level 1 in Fighting
   823 | D:1      | Reached XP level 3. HP: 24/27 MP: 0/0
   823 | D:1      | Learned a level 1 spell: Slow
  1380 | D:2      | Noticed Jessica
  1383 | D:2      | Killed Jessica
  1384 | D:2      | Reached skill level 2 in Fighting
  1384 | D:2      | Reached XP level 4. HP: 23/34 MP: 0/0
  1484 | D:2      | Found a glowing silver altar of Zin.
  1723 | D:2      | Reached skill level 4 in Spellcasting
  1723 | D:2      | Reached skill level 4 in Conjurations
  1723 | D:2      | Reached skill level 4 in Hexes
  1723 | D:2      | Reached skill level 4 in Summonings
  1723 | D:2      | Reached skill level 4 in Necromancy
  1723 | D:2      | Reached skill level 4 in Translocations
  1723 | D:2      | Reached skill level 4 in Transmutations
  1723 | D:2      | Reached skill level 4 in Fire Magic
  1723 | D:2      | Reached skill level 4 in Ice Magic
  1723 | D:2      | Reached skill level 4 in Air Magic
  1723 | D:2      | Reached skill level 4 in Earth Magic
  1723 | D:2      | Reached skill level 4 in Poison Magic
  2155 | D:3      | Noticed Sigmund
  2343 | D:3      | HP: 8/34 [something/puff of flame (3)]
  2344 | D:3      | Killed Sigmund
  2345 | D:3      | Reached skill level 3 in Fighting
  2345 | D:3      | Reached XP level 5. HP: 9/41 MP: 0/0
  2345 | D:3      | Learned a level 2 spell: Static Discharge
  2345 | D:3      | Reached XP level 6. HP: 10/47 MP: 0/0
  2593 | D:3      | Noticed an ogre
  2796 | D:3      | Noticed Natasha
  2801 | D:3      | Killed Natasha
  2802 | D:3      | Reached skill level 4 in Fighting
  3118 | D:3      | Found a faded altar of an unknown god.
  3124 | D:3      | Identified the +2 robe of the Kangaroo {Harm}
  3167 | D:3      | Noticed Natasha
  3168 | D:3      | Noticed Pargi
  3181 | D:3      | Killed Natasha
  3331 | D:3      | Killed an ogre
  3332 | D:3      | Reached skill level 5 in Spellcasting
  3332 | D:3      | Reached skill level 5 in Conjurations
  3332 | D:3      | Reached skill level 5 in Hexes
  3332 | D:3      | Reached skill level 5 in Summonings
  3332 | D:3      | Reached skill level 5 in Necromancy
  3332 | D:3      | Reached skill level 5 in Translocations
  3332 | D:3      | Reached skill level 5 in Transmutations
  3332 | D:3      | Reached skill level 5 in Fire Magic
  3332 | D:3      | Reached skill level 5 in Ice Magic
  3332 | D:3      | Reached skill level 5 in Air Magic
  3332 | D:3      | Reached skill level 5 in Earth Magic
  3332 | D:3      | Reached skill level 5 in Poison Magic
  3332 | D:3      | Reached XP level 7. HP: 43/53 MP: 0/0
  3332 | D:3      | Learned a level 3 spell: Teleport Other
  3380 | D:3      | Noticed Natasha
  3385 | D:3      | Killed Natasha
  3434 | D:3      | Killed Pargi
  3435 | D:3      | Reached skill level 5 in Fighting
  4267 | D:4      | Reached XP level 8. HP: 29/60 MP: 0/0
  4396 | D:4      | Found a burning altar of Makhleb.
  4538 | D:5      | Entered Level 5 of the Dungeon
  4538 | D:5      | Noticed Edmund
  4554 | D:5      | Killed Edmund
  4555 | D:5      | Reached skill level 6 in Fighting
  4907 | D:5      | Reached skill level 6 in Spellcasting
  4907 | D:5      | Reached skill level 6 in Conjurations
  4907 | D:5      | Reached skill level 6 in Hexes
  4907 | D:5      | Reached skill level 6 in Summonings
  4907 | D:5      | Reached skill level 6 in Necromancy
  4907 | D:5      | Reached skill level 6 in Translocations
  4907 | D:5      | Reached skill level 6 in Transmutations
  4907 | D:5      | Reached skill level 6 in Fire Magic
  4907 | D:5      | Reached skill level 6 in Ice Magic
  4907 | D:5      | Reached skill level 6 in Air Magic
  4907 | D:5      | Reached skill level 6 in Earth Magic
  4907 | D:5      | Reached skill level 6 in Poison Magic
  4954 | D:5      | Noticed Dowan
  4956 | D:5      | Noticed Duvessa
  5051 | D:5      | Killed Dowan
  5202 | D:5      | Reached skill level 7 in Fighting
  5319 | D:5      | Reached XP level 9. HP: 56/68 MP: 0/0
  5319 | D:5      | Learned a level 4 spell: Anguish
  5886 | D:5      | Reached skill level 8 in Fighting
  5886 | D:5      | Reached skill level 7 in Spellcasting
  5886 | D:5      | Reached skill level 7 in Conjurations
  5886 | D:5      | Reached skill level 7 in Hexes
  5886 | D:5      | Reached skill level 7 in Summonings
  5886 | D:5      | Reached skill level 7 in Necromancy
  5886 | D:5      | Reached skill level 7 in Translocations
  5886 | D:5      | Reached skill level 7 in Transmutations
  5886 | D:5      | Reached skill level 7 in Fire Magic
  5886 | D:5      | Reached skill level 7 in Ice Magic
  5886 | D:5      | Reached skill level 7 in Air Magic
  5886 | D:5      | Reached skill level 7 in Earth Magic
  5886 | D:5      | Reached skill level 7 in Poison Magic
  6097 | D:5      | Killed Duvessa
  6385 | D:6      | Upgraded the game from 0.31-a0-647-g38d6a14cb1 to
                  | 0.31-a0-655-gf2d5465dac
  6884 | D:6      | Found a large runed translucent door.
  6888 | D:6      | Found a large runed translucent door.
  6890 | D:6      | Noticed Vontreibholz's ghost (novice MiFi)
  7000 | D:6      | Reached skill level 9 in Fighting
  7167 | D:4      | Became a worshipper of Makhleb the Destroyer
  7310 | D:6      | Reached XP level 10. HP: 74/78 MP: 0/0
  7498 | D:7      | Noticed Pikel
  7505 | D:7      | Killed Pikel
  7506 | D:7      | Reached skill level 8 in Spellcasting
  7506 | D:7      | Reached skill level 8 in Conjurations
  7506 | D:7      | Reached skill level 8 in Hexes
  7506 | D:7      | Reached skill level 8 in Summonings
  7506 | D:7      | Reached skill level 8 in Necromancy
  7506 | D:7      | Reached skill level 8 in Translocations
  7506 | D:7      | Reached skill level 8 in Transmutations
  7506 | D:7      | Reached skill level 8 in Fire Magic
  7506 | D:7      | Reached skill level 8 in Ice Magic
  7506 | D:7      | Reached skill level 8 in Air Magic
  7506 | D:7      | Reached skill level 8 in Earth Magic
  7506 | D:7      | Reached skill level 8 in Poison Magic
  7556 | D:7      | Reached skill level 10 in Fighting
  7639 | D:7      | Noticed Prince Ribbit
  7643 | D:7      | Killed Prince Ribbit
  7784 | D:7      | Noticed Pascal76's ghost (novice MiBr)
  7788 | D:7      | Found a runed translucent gate.
  7801 | D:7      | Found a runed translucent gate.
  7801 | D:7      | Found a runed translucent gate.
  7839 | D:7      | Found a staircase to the Ecumenical Temple.
  8041 | D:7      | Reached * piety under Makhleb
  8056 | D:7      | Reached skill level 11 in Fighting
  8588 | Temple   | Entered the Ecumenical Temple
  8610 | D:8      | Noticed Maurice
  8620 | D:8      | Noticed Erica
  8696 | D:7      | Killed Erica
  8875 | D:8      | Killed Maurice
  8906 | D:8      | Reached skill level 12 in Fighting
  9053 | D:8      | Noticed Maggie
  9071 | D:8      | Killed Maggie
  9072 | D:8      | Reached XP level 11. HP: 86/90 MP: 0/0
  9072 | D:8      | Learned a level 5 spell: Summon Mana Viper
  9302 | D:8      | Noticed a two-headed ogre
  9313 | D:8      | Killed a two-headed ogre
  9354 | D:8      | Found Pyipsuef's Hydra Hut.
  9355 | D:8      | Noticed a six-headed hydra
  9389 | D:8      | Reached skill level 13 in Fighting
  9627 | D:8      | Reached skill level 1 in Invocations
  9841 | D:9      | Reached skill level 2 in Invocations
  9849 | D:9      | Identified the +1 quarterstaff "Ox" {flame, Will+ Str+3
                  | Stlth+}
 10009 | D:9      | Reached skill level 3 in Invocations
 10244 | D:9      | Noticed a two-headed ogre
 10249 | D:9      | Killed a two-headed ogre
 10274 | D:9      | Reached ** piety under Makhleb
 10275 | D:9      | Reached skill level 4 in Invocations
 10324 | D:9      | HP: 18/93 [acid dragon/splash of acid (30)]
 10432 | D:9      | Noticed a two-headed ogre
 10448 | D:9      | Killed a two-headed ogre
 10478 | D:9      | Reached skill level 5 in Invocations
 10947 | D:9      | Reached skill level 14 in Fighting
 11072 | D:10     | Entered Level 10 of the Dungeon
 11081 | D:10     | Found Wyepn's General Store.
 11321 | D:10     | Reached XP level 12. HP: 61/100 MP: 0/0
 11328 | D:10     | Reached skill level 6 in Invocations
 11335 | D:10     | HP: 20/100 [rime drake (4)]
 11509 | D:10     | Found a portal to a secret trove of treasure.
 11597 | D:10     | Found a staircase to the Lair.
 11648 | D:10     | Reached *** piety under Makhleb
 11795 | D:10     | Reached skill level 7 in Invocations
 12312 | Lair:1   | Entered Level 1 of the Lair of Beasts
 12360 | Lair:1   | Found a runed translucent door.
 12547 | Lair:1   | Reached skill level 15 in Fighting
 12619 | Lair:1   | Reached skill level 8 in Invocations
 13088 | Lair:1   | Noticed Ogety's ghost (journeyman OpSh)
 13505 | Lair:2   | Reached **** piety under Makhleb
 13603 | Lair:2   | Reached skill level 9 in Invocations
 13698 | Lair:2   | Found a staircase to the Swamp.
 13718 | Lair:2   | Reached XP level 13. HP: 108/108 MP: 0/0
 13718 | Lair:2   | Learned a level 5 spell: Silence
 14185 | Lair:2   | Reached skill level 16 in Fighting
 14373 | Lair:3   | Reached skill level 10 in Invocations
 14419 | Lair:3   | Found a staircase to the Snake Pit.
 14704 | Lair:3   | Reached ***** piety under Makhleb
 14754 | Lair:3   | Reached skill level 17 in Fighting
 14839 | Lair:3   | Noticed a catoblepas
 14856 | Lair:3   | Killed a catoblepas
 14857 | Lair:3   | Reached skill level 3 in Dodging
 15022 | Lair:3   | Reached skill level 4 in Dodging
 15099 | Lair:3   | Found a transporter.
 15159 | Lair:3   | Found a transporter.
 15312 | Lair:3   | Reached skill level 5 in Dodging
 15567 | Lair:3   | HP: 19/112 [swamp worm/harpoon shot (10)]
 15567 | Lair:3   | Collided with a briar patch

Illustrated notes

Levels and vault maps discovered:
D:1:      lemuel_arrival_rhombus, layout_basic
D:2:      layout_loops_ring, basic_altar, uniq_jessica
D:3:      layout_basic, chequers_ecumenical_altar_simple_redux, uniq_natasha,
          uniq_sigmund, uniq_pargi
D:4:      layout_cave_pools, grunt_temple_overflow_open
D:5:      layout_basic, minmay_a_box_with_orc_wizards_in_it, uniq_edmund,
          uniq_duvessa
D:6:      cheibrodos_helix_gallery, layout_loops_cross,
          ebering_ghost_disaster_area
D:7:      layout_loops_corners, temple_pool_b, gammafunk_ghost_split,
          uniq_prince_ribbit1, uniq_pikel
D:8:      layout_loops_ring, doesnt_shop_hydraphobe, uniq_maurice, uniq_erica,
          uniq_maggie
D:9:      layout_loops_ring, serial_ice, serial_ice_m, serial_ice_g,
          serial_ice_i, serial_ice_d
D:10:     layout_basic, hellmonk_lair_entry_icy, serial_shops, shop,
          nicolae_trove_entry_diagonal, st_stairs_13
Temple:   mainiacjoe_temple_big_plus
Lair:1:   layout_gridlike, ebering_ghost_reflecting_pool, minivault_24,
          infiniplex_staircase_pool
Lair:2:   layout_layer_cave, swamp_mist, chequers_serial_rivers_micro_b,
          st_stairs_13, bh_autumn_forest_stairs
Lair:3:   gammafunk_worm_tunnel, layout_chaotic_city,
          nicolae_snake_entry_warm_welcome, guppyfry_lair_drakes

Skill      XL: |  1  2  3  4  5  6  7  8  9 10 11 12 13 |
---------------+----------------------------------------+-----
Fighting       | 1 2 3 4 5 7 9 12 14 15 17 | 17.4
Spellcasting   | 4 5 6 7 8 |  8.0
Conjurations   | 4 5 6 7 8 |  8.0
Hexes          | 4 5 6 7 8 |  8.0
Summonings     | 4 5 6 7 8 |  8.0
Necromancy     | 4 5 6 7 8 |  8.0
Translocations | 4 5 6 7 8 |  8.0
Transmutations | 4 5 6 7 8 |  8.0
Fire Magic     | 4 5 6 7 8 |  8.0
Ice Magic      | 4 5 6 7 8 |  8.0
Air Magic      | 4 5 6 7 8 |  8.0
Earth Magic    | 4 5 6 7 8 |  8.0
Poison Magic   | 4 5 6 7 8 |  8.0
Invocations    | 5 9 10 | 10.0
Dodging        | 5 |  5.1
Stealth        | |  1.5

Action                     |  1- 3 |  4- 6 |  7- 9 | 10-12 | 13-15 || total
---------------------------+-------+-------+-------+-------+-------++-------
  Melee: Dagger            |       |    22 |     4 |    11 |       ||    37
         Quarterstaff      |       |       |       |    15 |    18 ||    33
   Cast: Magic Dart        |    49 |    32 |   110 |   213 |   118 ||   522
         Searing Ray       |     2 |     8 |    53 |   101 |    23 ||   187
         Iskenderun's Myst |       |     2 |    21 |    89 |    55 ||   167
         Fulminant Prism   |       |     1 |     4 |    12 |    10 ||    27
         Dazzling Flash    |       |     1 |       |     2 |       ||     3
         Anguish           |       |       |     1 |     2 |       ||     3
         Teleport Other    |       |       |       |     2 |       ||     2
         Summon Mana Viper |       |       |       |     1 |     2 ||     3
    Use: Scroll            |       |       |       |    13 |       ||    13
         Potion            |       |       |       |     1 |       ||     1
   Stab: Sleeping          |       |     1 |       |       |       ||     1
 Armour: Robe              |       |    10 |     3 |     1 |       ||    14
         Troll leather arm |       |       |       |    37 |    22 ||    59
  Dodge: Dodged            |     2 |    33 |    26 |   117 |    62 ||   240
         Repelled          |       |       |       |     5 |       ||     5
  Block: Other             |       |       |     3 |    50 |    18 ||    71
         Reflection        |       |       |     1 |     3 |       ||     4
         Form:             |     1 |       |       |       |       ||     1
         Beast             |     1 |       |       |       |       ||     1

Table legend: (Time is in decaauts)
 A = Elapsed time spent in this place.
 B = Non-inter-level travel time spent in this place.
 C = Inter-level travel time spent in this place.
 D = Time resting spent in this place.
 E = Time spent auto-exploring this place.
 F = Levels seen in this place.
 G = Mean time per level.
                   A        B        C        D        E       F      G
               +--------+--------+--------+--------+--------+-----+--------+
         Total |  15619 |  14367 |   1252 |     28 |  11793 |  14 | 1115.6 |
       Dungeon |  12341 |  11271 |   1070 |     28 |   9351 |  10 | 1234.1 |
        Temple |      1 |      1 |      0 |      0 |      0 |   1 |    1.0 |
          Lair |   3276 |   3094 |    182 |      0 |   2442 |   3 | 1092.0 |
               +--------+--------+--------+--------+--------+-----+--------+

Top non-repeatable levels by time:
     D:3: 1639 daAuts
     D:7: 1440 daAuts
     D:5: 1376 daAuts
     D:4: 1319 daAuts
     D:9: 1225 daAuts
  Lair:3: 1219 daAuts
    D:10: 1170 daAuts
     D:1: 1153 daAuts
  Lair:1: 1086 daAuts
     D:6: 1037 daAuts
     D:2: 995 daAuts
     D:8: 983 daAuts
  Lair:2: 971 daAuts
  Temple: 1 daAuts

Levels and vault maps discovered:
D:1:      lemuel_arrival_rhombus, layout_basic
D:2:      layout_loops_ring, basic_altar, uniq_jessica
D:3:      layout_basic, chequers_ecumenical_altar_simple_redux, uniq_natasha,
          uniq_sigmund, uniq_pargi
D:4:      layout_cave_pools, grunt_temple_overflow_open
D:5:      layout_basic, minmay_a_box_with_orc_wizards_in_it, uniq_edmund,
          uniq_duvessa
D:6:      cheibrodos_helix_gallery, layout_loops_cross,
          ebering_ghost_disaster_area
D:7:      layout_loops_corners, temple_pool_b, gammafunk_ghost_split,
          uniq_prince_ribbit1, uniq_pikel
D:8:      layout_loops_ring, doesnt_shop_hydraphobe, uniq_maurice, uniq_erica,
          uniq_maggie
D:9:      layout_loops_ring, serial_ice, serial_ice_m, serial_ice_g,
          serial_ice_i, serial_ice_d
D:10:     layout_basic, hellmonk_lair_entry_icy, serial_shops, shop,
          nicolae_trove_entry_diagonal, st_stairs_13
Temple:   mainiacjoe_temple_big_plus
Lair:1:   layout_gridlike, ebering_ghost_reflecting_pool, minivault_24,
          infiniplex_staircase_pool
Lair:2:   layout_layer_cave, swamp_mist, chequers_serial_rivers_micro_b,
          st_stairs_13, bh_autumn_forest_stairs
Lair:3:   gammafunk_worm_tunnel, layout_chaotic_city,
          nicolae_snake_entry_warm_welcome, guppyfry_lair_drakes

Table legend: (Time is in decaauts)
 A = Elapsed time spent in this place.
 B = Non-inter-level travel time spent in this place.
 C = Inter-level travel time spent in this place.
 D = Time resting spent in this place.
 E = Time spent auto-exploring this place.
 F = Levels seen in this place.
 G = Mean time per level.
                   A        B        C        D        E       F      G
               +--------+--------+--------+--------+--------+-----+--------+
         Total |  15619 |  14367 |   1252 |     28 |  11793 |  14 | 1115.6 |
       Dungeon |  12341 |  11271 |   1070 |     28 |   9351 |  10 | 1234.1 |
        Temple |      1 |      1 |      0 |      0 |      0 |   1 |    1.0 |
          Lair |   3276 |   3094 |    182 |      0 |   2442 |   3 | 1092.0 |
               +--------+--------+--------+--------+--------+-----+--------+

Top non-repeatable levels by time:
     D:3: 1639 daAuts
     D:7: 1440 daAuts
     D:5: 1376 daAuts
     D:4: 1319 daAuts
     D:9: 1225 daAuts
  Lair:3: 1219 daAuts
    D:10: 1170 daAuts
     D:1: 1153 daAuts
  Lair:1: 1086 daAuts
     D:6: 1037 daAuts
     D:2: 995 daAuts
     D:8: 983 daAuts
  Lair:2: 971 daAuts
  Temple: 1 daAuts

Table legend:
 A = Kills in this place as a percentage of kills in the entire game.
 B = Kills by you in this place as a percentage of kills by you in the entire game.
 C = Kills by friends in this place as a percentage of kills by friends in the entire game.
 D = Other kills in this place as a percentage of other kills in the entire game.
 E = Experience gained in this place as a percentage of experience gained in the entire game.
 F = Experience gained in this place divided by the number of levels of this place that you have seen.
                   A       B       C       D       E      F
               +-------+-------+-------+-------+-------+----------------------
         Total | 100.0 | 100.0 | 100.0 | 100.0 | 100.0 | 3125.0
       Dungeon |  71.2 |  71.6 |   0.0 |   0.0 |  44.5 | 1945.3
          Lair |  28.8 |  28.4 | 100.0 | 100.0 |  55.5 | 8099.0
               +-------+-------+-------+-------+-------+----------------------
